 Dungeon Sprint DCSS version 0.30-a0-862-g1aabd4f9c5 (webtiles) character file.

Game seed: 5029954356142957286

54 rocky1 the Geomancer (level 6, -1/52 HPs)
             Began as a Demonspawn Earth Elementalist on Mar 9, 2023.
             Was an Initiate of Gozag.
             Slain by a yak (16 damage)
             ... in the Dungeon (Sprint VI: "Thunderdome").
             The game lasted 00:05:39 (419 turns).

rocky1 the Geomancer (Demonspawn Earth Elementalist) Turns: 419, Time: 00:05:39

Health: -1/52      AC:  2    Str: 11    XL:     6   Next: 58%
Magic:  6/15       EV: 14    Int: 18    God:    Gozag
Gold:   47         SH:  0    Dex: 14    Spells: 16/17 levels left

rFire   + . .      SeeInvis .    (no weapon)
rCold   . . .      Faith    .    (no shield)
rNeg    . . .      Spirit   .    a - +0 robe
rPois   +          Reflect  .    q - +0 hat of Pride {Stlth+}
rElec   .          Rampage  .    (no cloak)
rCorr   +          NoTele   +    (no gloves)
Will    .....                    (no boots)
Stlth   ++++                     m - amulet of Eternal Harmony {+Inv Regen+}
HPRegen 1.08/turn                l - ring of Ziudawy {rPois rCorr Str+3}
MPRegen 0.14/turn                o - ring "Iratic" {Fly rF+ Stlth+}

@: gold aura, flying
A: antennae 1, foul stench 1, demonic magic 1
a: Renounce Religion, Evoke Invisibility, Potion Petition, Call Merchant, Bribe
Branch


You were in the Dungeon.
You worshipped Gozag.
Gozag was noncommittal.
You visited 1 branch You collected 874 gold pieces.
You spent 827 gold pieces at shops.

Inventory:

Armour
 a - a +0 robe (worn)
 q - the +0 hat of Pride (worn) {Stlth+}
   (You bought it in a shop in the Dungeon)

   Stlth:     It makes you more stealthy.
Jewellery
 l - the ring of Ziudawy (left hand) {rPois rCorr Str+3}
   (You bought it in a shop in the Dungeon)

   [ring of resist corrosion]

   Str:       It affects your strength (+3).
   rPois:     It protects you from poison.
   rCorr:     It protects you from acid and corrosion.
 m - the amulet of Eternal Harmony (around neck) {+Inv Regen+}
   (You bought it in a shop in the Dungeon)

   [amulet of regeneration]

   +Inv:      It lets you turn invisible.
   Regen:     It increases your rate of health regeneration.
 n - the amulet "Hodowaj" {Spirit Dex+2}
   (You bought it in a shop in the Dungeon)

   [amulet of guardian spirit]

   It causes incoming damage to be divided between your reserves of health and
   magic.
   Dex:       It affects your dexterity (+2).
 o - the ring "Iratic" (right hand) {Fly rF+ Stlth+}
   (You bought it in a shop in the Dungeon)

   [ring of flight]

   rF:        It protects you from fire.
   Fly:       It grants you flight.
   Stlth:     It makes you more stealthy.
Wands
 i - a wand of quicksilver (5)
 j - a wand of roots (5)
Scrolls
 g - 3 scrolls of blinking
 k - 3 scrolls of fog
Potions
 b - a potion of magic
 c - a potion of curing
 d - 3 potions of heal wounds
 e - 4 potions of haste
 f - a potion of berserk rage
 h - a potion of resistance


   Skills:
 + Level 6.2 Fighting
 + Level 6.0 Dodging
 - Level 1.7 Stealth
 + Level 6.1 Spellcasting
 - Level 0.8 Transmutations
 * Level 8.8 Earth Magic


You had 16 spell levels left.
You knew the following spells:

 Your Spells              Type           Power      Damage    Failure   Level
a - Sandblast             Erth           74%        2d16      1%          1

Your spell library contained the following spells:

 Spells                   Type           Power      Damage    Failure   Level
 Passwall                 Tmut/Erth      18%        N/A       2%          2
 Stone Arrow              Conj/Erth      42%        3d9       6%          3
 Petrify                  Tmut/Erth      22%        N/A       16%         4


Dungeon Overview and Level Annotations

Branches:
Dungeon (1/1)

Altars:
Cheibriados
Dithmenos
Fedhas
Gozag
Kikubaaqudgha
Makhleb
Okawaru
Qazlal
Ru
Sif Muna
Trog
Uskayaw
Vehumet
Wu Jian
Xom
Yredelemnul
Lugonu

Shops:
D *[??*?*:[((!!!!


Innate Abilities, Weirdness & Mutations

You have a pair of small antennae on your head.
You may rarely emit foul miasma when damaged in melee.
Spells you cast may paralyse adjacent enemies.


Message History

Aiming: Sandblast (safe; 1% risk of failure)
Press: ? - help, Q - select action, (/) - cycle Shift-Dir - straight line, f - yak
Aim: a yak (90% to hit)
The blast of sand hits the yak.
The yak is lightly wounded.
Malevolent energies surge around you. 50...
The yak barely misses you.
Aiming: Sandblast (safe; 1% risk of failure)
Press: ? - help, Q - select action, (/) - cycle Shift-Dir - straight line, f/p - yak
Aim: a yak (lightly wounded, 90% to hit)
The blast of sand hits the yak.
The yak is lightly wounded.
Malevolent energies surge around you.
The yak suddenly stops moving!
Aiming: Sandblast (safe; 1% risk of failure)
Press: ? - help, Q - select action, (/) - cycle Shift-Dir - straight line, f/p - yak
Aim: a yak (lightly wounded, paralysed, 100% to hit)
The blast of sand hits the yak.
The yak is moderately wounded.
Malevolent energies surge around you.
The yak is no longer paralysed.
The yak gores you!
Your magical contamination has completely faded away.
Aiming: Sandblast (safe; 1% risk of failure)
Press: ? - help, Q - select action, (/) - cycle Shift-Dir - straight line, f/p - yak
Aim: a yak (moderately wounded, 90% to hit)
The blast of sand hits the yak!!
The yak is severely wounded.
Malevolent energies surge around you. The yak gores you!
* * * LOW HITPOINT WARNING * * *
The yak barely misses you.
Aiming: Sandblast (safe; 1% risk of failure)
Press: ? - help, Q - select action, (/) - cycle Shift-Dir - straight line, f/p - yak
Aim: a yak (severely wounded, 90% to hit)
The blast of sand hits the yak!
The yak is almost dead.
Malevolent energies surge around you. The yak gores you!
You die...
Your body crumbles into a pile of gold.

###.........### #⌠...........⌠#
######.8.........8.######
##.___......###......_..∩##
###∩........8.# #.8........∩###
##.............###.............#
#⌠..........###...###..........⌠
#⌠..........# #.<.# #..........⌠
#⌠..........###@..###..........⌠
##...........rY###.............#
###∩........8l# #.8........∩###
##∩___.....Y###......___∩##
######.8.........8.######
#⌠........Y..§# ###........Y###
#_......._# #_...l..._#


You could see a komodo dragon, 2 yaks and a river rat.

Vanquished Creatures
  A yak (D)
  2 phantoms (D)
  A necrophage (D)
  2 jellies (D)
  A bat skeleton (D)
  4 endoplasms (D)
  A giant cockroach zombie (D)
12 creatures vanquished.

Notes
Turn   | Place    | Note
-------+----------+-------------------------------------------
     0 | D        | rocky1 the Demonspawn Earth Elementalist began the quest
                  | for the Orb.
     0 | D        | Reached XP level 1. HP: 13/13 MP: 3/3
     3 | D        | Found an opulent altar of Gozag.
     3 | D        | Found an ornate altar of the Wu Jian Council.
     4 | D        | Found a stormy altar of Qazlal.
     4 | D        | Found a blossoming altar of Fedhas.
     5 | D        | Found a shimmering blue altar of Sif Muna.
     5 | D        | Round 1.
     6 | D        | Found Zucu's Do-It-Yourself Clinic.
     6 | D        | Found a shadowy altar of Dithmenos.
     6 | D        | Found Ipputieb's Distillery.
     7 | D        | Found Lyont's Bottled Wisdom.
     7 | D        | Found Ymisuilo's Distillery.
    11 | D        | Became a worshipper of Gozag Ym Sagoz the Greedy
    17 | D        | Found a sacrificial altar of Ru.
    42 | D        | Found a corrupted altar of Lugonu.
    42 | D        | Found a burning altar of Makhleb.
    50 | D        | Found a hide-covered altar of Uskayaw.
    51 | D        | Found a snail-covered altar of Cheibriados.
    52 | D        | Found Deyxewinalu's Premium Goods.
    52 | D        | Found Bokatiad's Weapon Rack.
    53 | D        | Found Zihirgh's Miscellaneous Merchandise.
    53 | D        | Found Lexkoeme's Basic Armour.
    55 | D        | Reached skill level 3 in Earth Magic
    55 | D        | Found a radiant altar of Vehumet.
    56 | D        | Found Ysmud's Identification Station.
    56 | D        | Found a shimmering altar of Xom.
    57 | D        | Found Ighimp's Advanced Armour.
    57 | D        | Found Viubidd's Jewellery.
   106 | D        | Found a bloodstained altar of Trog.
   107 | D        | Found an ancient bone altar of Kikubaaqudgha.
   108 | D        | Found Lanug's Magic Scroll Shop.
   109 | D        | Found Miat's Magic Scroll Shop.
   109 | D        | Found Boimn's Must-Have Magic.
   110 | D        | Found a basalt altar of Yredelemnul.
   110 | D        | Found an iron altar of Okawaru.
   110 | D        | Found Amiuvaf's Staff Store.
   129 | D        | Noticed a phantom
   140 | D        | Noticed a necrophage
   143 | D        | Killed a phantom
   144 | D        | Reached skill level 5 in Earth Magic
   144 | D        | Gained mutation: You may rarely emit foul miasma when
                  | damaged in melee. [demonic ancestry]
   144 | D        | Reached XP level 2. HP: 6/24 MP: 0/6
   144 | D        | Gained mutation: You have a pair of small antennae on your
                  | head. [demonic ancestry]
   144 | D        | Reached XP level 3. HP: 7/29 MP: 0/8
   144 | D        | Gained mutation: Spells you cast may paralyse adjacent
                  | enemies. [demonic ancestry]
   144 | D        | Reached XP level 4. HP: 8/35 MP: 0/9
   149 | D        | Killed a necrophage
   150 | D        | Reached skill level 6 in Earth Magic
   154 | D        | Noticed a phantom
   164 | D        | Killed a phantom
   164 | D        | Arena points: 12 (+12) [x2]
   165 | D        | Reached skill level 5 in Dodging
   165 | D        | Reached skill level 5 in Spellcasting
   165 | D        | Reached skill level 7 in Earth Magic
   165 | D        | Reached XP level 5. HP: 28/43 MP: 3/12
   199 | D        | Round 2.
   240 | D        | Reached skill level 5 in Fighting
   321 | D        | Reached XP level 6. HP: 51/51 MP: 11/14
   348 | D        | Arena points: 54 (+42) [x3]
   367 | D        | Bought an ancient bronze ring for 45 gold pieces
   367 | D        | Identified the ring of Ziudawy {rPois rCorr Str+3} (You
                  | bought it in a shop in the Dungeon)
   367 | D        | Bought a faintly glowing steel amulet for 45 gold pieces
   367 | D        | Identified the amulet of Eternal Harmony {+Inv Regen+} (You
                  | bought it in a shop in the Dungeon)
   367 | D        | Bought a fine diamond amulet for 45 gold pieces
   367 | D        | Identified the amulet "Hodowaj" {Spirit Dex+2} (You bought
                  | it in a shop in the Dungeon)
   367 | D        | Bought an ancient platinum ring for 45 gold pieces
   367 | D        | Identified the ring "Iratic" {Fly rF+ Stlth+} (You bought
                  | it in a shop in the Dungeon)
   380 | D        | Bought a crude cloak for 332 gold pieces
   380 | D        | Identified the +0 cloak "Kiwefeel" {-Tele rPois Int-4
                  | Dex+8} (You bought it in a shop in the Dungeon)
   380 | D        | Bought a pitted hat for 315 gold pieces
   380 | D        | Identified the +0 hat of Pride {Stlth+} (You bought it in a
                  | shop in the Dungeon)
   400 | D        | Round 3.
   401 | D        | Noticed a yak
   401 | D        | Noticed a dream sheep
   401 | D        | Noticed a yak
   401 | D        | Noticed a yak
   401 | D        | Noticed a komodo dragon
   414 | D        | Killed a yak
   415 | D        | Reached skill level 8 in Earth Magic
   419 | D        | Slain by a yak

Illustrated notes

Levels and vault maps discovered:
D:        arena_sprint

Skill      XL: |  1  2  3  4  5  6 |
---------------+-------------------+-----
Dodging        | 3 5 6 |  6.0
Earth Magic    | 5 7 8 |  8.8
Fighting       | 3 4 5 6 |  6.2
Spellcasting   | 3 5 6 |  6.1
Stealth        | |  1.7
Transmutations | |  0.8

Action                     |  1- 3 |  4- 6 || total
---------------------------+-------+-------++-------
   Cast: Sandblast         |     8 |    24 ||    32
    Use: Potion            |     1 |     2 ||     3
         Scroll            |       |     1 ||     1
  Dodge: Dodged            |     2 |     6 ||     8

Table legend: (Time is in decaauts)
 A = Elapsed time spent in this place.
 B = Non-inter-level travel time spent in this place.
 C = Inter-level travel time spent in this place.
 D = Time resting spent in this place.
 E = Time spent auto-exploring this place.
 F = Levels seen in this place.
 G = Mean time per level.
                   A        B        C        D        E       F      G
               +--------+--------+--------+--------+--------+-----+--------+
         Total |    433 |    433 |      0 |     32 |     84 |   1 |  433.0 |
       Dungeon |    433 |    433 |      0 |     32 |     84 |   1 |  433.0 |
               +--------+--------+--------+--------+--------+-----+--------+

Top non-repeatable levels by time:
       D: 433 daAuts
